 Dungeon Crawl Stone Soup version 0.26-a0-1177-g1209ec82b9 (webtiles) character file.

Game seed: 15146978951108500390

46 sokol815 the Covered (level 3, -6/29 HPs)
             Began as a Formicid Fighter on Dec 24, 2020.
             Killed from afar by an orc wizard (13 damage)
             ... with a puff of frost
             ... on level 2 of the Dungeon.
             The game lasted 00:01:32 (774 turns).

sokol815 the Covered (Formicid Fighter)              Turns: 774, Time: 00:01:33

Health: -6/29      AC:  9    Str: 21    XL:     3   Next: 92%
Magic:  3/3        EV:  6    Int:  7    God:
Gold:   51         SH:  9    Dex: 10    Spells: 2/2 levels left

rFire    . . .     SeeInvis +   a - +0 war axe
rCold    . . .     Faith    .   c - +0 kite shield
rNeg     . . .     Spirit   .   n - +0 chain mail
rPois    .         Reflect  .   (helmet unavailable)
rElec    .         Harm     .   (no cloak)
rCorr    .         Rampage  .   (no gloves)
Will     .....                  (no boots)
Stlth    ..........             (no amulet)
HPRegen  0.09/turn              (no ring)
MPRegen  0.08/turn              (no ring)

@: no status effects
A: permanent stasis, dig shafts and tunnels, four strong arms, antennae 3
a: Dig, Shaft Self


You were on level 2 of the Dungeon.
You visited 1 branch of the dungeon, and saw 2 of its levels.

You collected 51 gold pieces.

Inventory:

Hand Weapons
 a - a +0 war axe (weapon)
 g - a +1 dagger of pain
   (You took it off a kobold on level 1 of the Dungeon)
 m - a +0 hunting sling
   (You took it off a goblin on level 2 of the Dungeon)
Missiles
 h - 11 poisoned darts
 i - 38 stones
Armour
 b - a +0 scale mail
 c - a +0 kite shield (worn)
 n - a +0 chain mail (worn)
   (You took it off a goblin on level 2 of the Dungeon)
Scrolls
 e - 2 scrolls of enchant armour {unknown}
 f - a scroll of remove curse {unknown}
 j - a scroll of identify {unknown}
 k - a scroll of random uselessness {unknown}
Potions
 d - a potion of might
 l - 2 potions of curing {unknown}


   Skills:
 - Level 3.2 Fighting
 + Level 3.1 Axes
 + Level 4.2 Armour
 - Level 3.6 Shields


You had 2 spell levels left.
You didn't know any spells.
Your spell library was empty.

Dungeon Overview and Level Annotations

Branches:
Dungeon (2/15)

Altars:


Innate Abilities, Weirdness & Mutations

You cannot be hasted, slowed, berserked, paralysed or teleported.
You can dig through walls and to a lower floor.
Your four strong arms can wield two-handed weapons with a shield.
You have a pair of large antennae on your head. (SInv)


Message History

You now have 33 gold pieces (gained 10).
Done exploring.
Health restored: 29
(D) Dungeon
Where to? (? - help)
There is a stone staircase leading down here.
You climb downwards.
A kobold comes into view. It is wielding a +0 short sword.
There is a stone staircase leading up here.
A hobgoblin comes into view. It is wielding a +0 club.
The hobgoblin shouts!
You hear a shout!
The hobgoblin moves out of view.
You block the kobold's attack.
You hit the kobold.
You kill the kobold!
You see here a +0 short sword.
You slash the hobgoblin!
You kill the hobgoblin!
No target in view!
No target in view!
Found a stone staircase leading down.
You now have 44 gold pieces (gained 11).
A bat comes into view.
You see here 2 purple potions.
The bat misses you.
Your shield prevents you from hitting the bat.
You block the bat's attack. x2
You barely miss the bat. The bat hits you. You block the bat's attack. x2
You take 1 damage, and have 28/29 hp.
You hit the bat.
You kill the bat!
Your Axes skill increases to level 3!
l - 2 purple potions Health restored: 29 No target in view!
You now have 51 gold pieces (gained 7).
A goblin comes into view. It is wielding a +0 club.
The goblin shouts!
The goblin unwields a +0 club.
The goblin wields a +0 hunting sling.
The goblin shoots a stone.
You block the stone.
You see here a stone.
The goblin unwields a +0 hunting sling.
The goblin wields a +0 club.
You block the goblin's attack.
You slash the goblin!
You kill the goblin!
No target in view!
No target in view!
i - 37 stones (gained 12)
Things that are here:
a +0 club; a +0 hunting sling; a +0 chain mail
m - a +0 hunting sling;
n - a +0 chain mail You start removing your armour.
You continue taking off your +0 scale mail. x4
You finish taking off your +0 scale mail.
You start putting on your armour.
You continue putting on your +0 chain mail. x5
You finish putting on your +0 chain mail.
i - 38 stones (gained 1)
You see here a +0 club.
You sense a monster nearby.
An orc and an orc wizard come into view.
The orc shouts!
An orc comes into view. It is wielding a +0 dagger.
An orc comes into view. It is wielding a +0 hand axe.
The orc wizard gestures at you while chanting.
The magic dart hits you.
You take 2 damage, and have 27/29 hp.
The orc shouts! x2; You hear a shout!
An orc priest comes into view. It is wielding a +0 dagger.
The orc wizard points at you and mumbles some strange words.
The puff of flame hits you!
Found a stone staircase leading up.
You take 9 damage, and have 18/29 hp.
MASSIVE DAMAGE!!
You block the orc's attack.
You closely miss the orc.
Unknown command.
You slash the orc!
You kill the orc!
You slash the orc!
You kill the orc!
You hit the orc.
The orc wizard looks satisfied for a moment.
You hit the orc.
You kill the orc!
You hit the orc priest. You block the orc priest's attack.
You closely miss the orc priest.
You hit the orc wizard but do no damage.
The orc wizard casts a spell.
The orc wizard seems to speed up.
The orc priest calls down the wrath of Beogh upon you.
Pain shoots through your body!
* * * LOW HITPOINT WARNING * * *
The orc wizard hits you but does no damage.
You block the orc priest's attack.
You take 12 damage, and have 7/29 hp.
MASSIVE DAMAGE!!
You closely miss the orc wizard. You slash the orc priest!
The orc wizard points at you and mumbles some strange words.
The puff of frost hits you!
You die...

#..........# #.
#..........# #.
#........######.
##.#####)# #... #.##....#
#.## ####.#####.####.#
#....# #.#....# . #
#.#### #.#.#..##
...<#.##@########.#.#....
.......oo......))........
.............####..<..##.
....##.#.#.#.# #...##...
... #.#.#.# # #........ #
#...### #..#####. ##..#
#..# #. ..# #..# #. ..
#..# ##


You could see an orc priest and an orc wizard (fast).

Vanquished Creatures
  3 dart slugs (D:1)
  A leopard gecko (D:1)
  3 orcs (D:2)
  2 giant cockroaches (D:1)
  5 goblins
  3 hobgoblins
  4 jackals (D:1)
  4 kobolds
  2 bats
  3 frilled lizards (D:1)
  4 rats (D:1)
34 creatures vanquished.

Notes
Turn   | Place    | Note
-------+----------+-------------------------------------------
     0 | D:1      | sokol815 the Formicid Fighter began the quest for the Orb.
     0 | D:1      | Reached XP level 1. HP: 18/18 MP: 1/1
    84 | D:1      | Reached XP level 2. HP: 23/24 MP: 2/2
   154 | D:1      | Reached XP level 3. HP: 28/29 MP: 3/3
   354 | D:1      | Reached skill level 4 in Armour
   680 | D:2      | Reached skill level 3 in Axes
   773 | D:2      | HP: 7/29 [orc priest/nerve-wracking pain (12)]
   774 | D:2      | Killed from afar by an orc wizard

Illustrated notes

Levels and vault maps discovered:
D:1:      ebering_trefoil_twist, layout_basic
D:2:      layout_basic

Skill      XL: |  1  2  3 |
---------------+----------+-----
Armour         | 4 |  4.2
Axes           | 3 |  3.1
Fighting       | |  3.2
Shields        | |  3.6

Action                   || total
-------------------------++-------
Melee: War axe           ||    68
 Abil: Dig               ||     2
Armor: Scale mail        ||    18
       Chain mail        ||     1
Dodge: Dodged            ||    21
Block: Kite shield       ||    44

Table legend: (Time is in decaauts)
 A = Elapsed time spent in this place.
 B = Non-inter-level travel time spent in this place.
 C = Inter-level travel time spent in this place.
 D = Time resting spent in this place.
 E = Time spent auto-exploring this place.
 F = Levels seen in this place.
 G = Mean time per level.
                   A        B        C        D        E       F      G
               +--------+--------+--------+--------+--------+-----+--------+
         Total |    804 |    802 |      2 |      0 |    611 |   2 |  402.0 |
       Dungeon |    804 |    802 |      2 |      0 |    611 |   2 |  402.0 |
               +--------+--------+--------+--------+--------+-----+--------+

Top non-repeatable levels by time:
     D:1: 686 daAuts
     D:2: 118 daAuts

Table legend:
 A = Kills in this place as a percentage of kills in entire the game.
 B = Kills by you in this place as a percentage of kills by you in the entire game.
 C = Kills by friends in this place as a percentage of kills by friends in the entire game.
 D = Other kills in this place as a percentage of other kills in the entire game.
 E = Experience gained in this place as a percentage of experience gained in the entire game.
 F = Experience gained in this place divided by the number of levels of this place that you have seen.
                   A       B       C       D       E      F
               +-------+-------+-------+-------+-------+----------------------
         Total | 100.0 | 100.0 |   N/A |   N/A | 100.0 |  33.0
       Dungeon | 100.0 | 100.0 |   N/A |   N/A | 100.0 |  33.0
               +-------+-------+-------+-------+-------+----------------------
